 Dungeon Crawl Stone Soup version 0.28-a0-390-gb254ac4902 (webtiles) character file.

Game seed: 6880409006530377239

25 serber55 the Sneak (level 3, 0/36 HPs)
             Began as an Octopode Brigand on Sept 3, 2021.
             Slain by a scorpion (5 damage)
             ... on level 1 of the Dungeon.
             The game lasted 00:04:30 (1169 turns).

serber55 the Sneak (Octopode Brigand)               Turns: 1169, Time: 00:04:31

Health: 0/36       AC: 21    Str:  8 (10) XL:     3   Next: 4%
Magic:  3/3        EV:  2    Int: 12 (13) God:
Gold:   30         SH:  0    Dex: 12 (14) Spells: 2/2 levels left

rFire   . . .      SeeInvis .   a - +2 dagger
rCold   . . .      Faith    .   (no shield)
rNeg    + + +      Spirit   .   (helmet currently unavailable)
rPois   +          Reflect  .   (no amulet)
rElec   .          Harm     .   (no ring)
rCorr   .          Rampage  .   (no ring)
Will    .....      NoTele   +   (no ring)
Stlth   ++........              (no ring)
HPRegen 0.12/turn               (no ring)
MPRegen 0.08/turn               (no ring)
                                (no ring)
                                (no ring)

@: brilliant, tree-form, silenced
A: stationary, stasis, torment immunity, boosted hp, almost no armour,
(amphibious), 8 rings, (camouflage 1), (gelatinous body 1), (nimble swimmer 1),
(tentacles)
a: no special abilities


You were on level 1 of the Dungeon.
You were a tree.
You visited 1 branch of the dungeon, and saw 2 of its levels.

You collected 30 gold pieces.

Inventory:

Hand Weapons
 a - a +2 dagger (weapon)
Missiles
 b - 8 poisoned darts (quivered)
 c - 2 curare-tipped darts
 e - 2 boomerangs of dispersal


   Skills:
 + Level 2.3 Fighting
 * Level 2.6 Short Blades
 - Level 2.0 Throwing
 + Level 1.4 Dodging
 + Level 5.6 Stealth


You had 2 spell levels left.
You didn't know any spells.
Your spell library was empty.

Dungeon Overview and Level Annotations

Branches:
Dungeon (2/15)

Altars:

Annotations:
D:2 Robin


Innate Abilities, Weirdness & Mutations

You are a tree.
Your roots penetrate the ground, keeping you stationary.
You cannot be teleported.
You are immune to unholy pain and torment.
Your maximum health is greatly increased.
You cannot wear most types of armour.
((You are amphibious.))
You can wear up to eight rings at the same time.
((Your skin changes colour to match your surroundings (Stealth+).))
((Your rubbery body absorbs attacks. (AC +1, EV +1)))
((You are camouflaged near water. (Stealth+)))
((You have tentacles for arms and can constrict up to eight enemies at once.))


Message History

You feel very sick.
There is a stone staircase leading down here.
As you read the scroll labelled LEFIME ROAT, it crumbles to dust.
A profound silence engulfs you.
It was a scroll of silence.
You feel sick. The scorpion barely misses you.
It was a potion of degeneration.
There was something very wrong with that liquid.
You feel weakened.
You feel dopey.
You feel clumsy.
You feel sick. The scorpion misses you.
It was a potion of lignification.
You turn into a tree.
Your roots penetrate the ground.
You feel sick.
The scorpion stings you but does no damage.
It was a potion of brilliance.
You feel clever all of a sudden.
You feel sick.
The scorpion stings you but does no damage. x2
You barely miss the scorpion.
You feel sick.
The scorpion stings you but does no damage.
You hit the scorpion but do no damage.
The scorpion stings you but does no damage.
You hit the scorpion.
The scorpion is lightly wounded.
You feel sick.
The scorpion stings you but does no damage.
You completely miss the scorpion.
The scorpion is lightly wounded.
You feel sick.
You are no longer poisoned.
The scorpion stings you but does no damage.
You hit the scorpion.
The scorpion is moderately wounded.
The scorpion stings you but does no damage.
You hit the scorpion but do no damage.
The scorpion is moderately wounded.
The scorpion stings you.
* * * LOW HITPOINT WARNING * * *
You closely miss the scorpion.
The scorpion is moderately wounded.
The scorpion stings you.
You die...

....†.....#
#.#..##.#.##.........
..........#
#.#..##.#.##.........
..........#
#.#..##.#.#......####
..........#
#.#..##.#.#..........
..........#
#.#..##.#............
....#######
#.#..##.###.........)
......# #.#..##.#
######..... ....#.#
#.#.s##.# #.....
#.#...# #.#.♣...#
##.... #...#.#
#.####### ###.#
#.#...# #.# #.#
#...#.## #.# #.#
..#....# #.# #.#
....#..# #.# #.#
#.#....# #.# #.#
#...#..# #.# #.#
#.#....# #.# #.#


You could see a scorpion.

Vanquished Creatures
  A gnoll (D:1)
  A dart slug (D:1)
  3 endoplasms
  A giant cockroach (D:1)
  A hobgoblin (D:1)
  2 ball pythons (D:1)
  A bat (D:1)
  2 frilled lizards (D:1)
  2 goblins (D:1)
14 creatures vanquished.

Notes
Turn   | Place    | Note
-------+----------+-------------------------------------------
     0 | D:1      | serber55 the Octopode Brigand began the quest for the Orb.
     0 | D:1      | Reached XP level 1. HP: 14/14 MP: 1/1
   249 | D:1      | Reached XP level 2. HP: 12/19 MP: 2/2
   614 | D:1      | Reached XP level 3. HP: 24/24 MP: 3/3
   629 | D:1      | Found a faded altar of an unknown god.
  1155 | D:2      | Noticed Robin
  1155 | D:2      | Noticed a scorpion
  1169 | D:1      | Slain by a scorpion

Illustrated notes

Levels and vault maps discovered:
D:1:      scummos_arrival_gate, layout_basic, basic_ecumenical_altar,
          minmay_misc_feat_pillars, minmay_crystal_water
D:2:      layout_loops_cross, minmay_tripent, uniq_robin

Action                   || total
-------------------------++-------
Melee: Dagger            ||    25
       Tentacles         ||     5
       Constrict         ||     3
Throw: Dart              ||     6
  Use: Potion            ||     3
       Scroll            ||     1
 Stab: Sleeping          ||     6
Armor: Skin              ||    10
Dodge: Dodged            ||     7

Table legend: (Time is in decaauts)
 A = Elapsed time spent in this place.
 B = Non-inter-level travel time spent in this place.
 C = Inter-level travel time spent in this place.
 D = Time resting spent in this place.
 E = Time spent auto-exploring this place.
 F = Levels seen in this place.
 G = Mean time per level.
                   A        B        C        D        E       F      G
               +--------+--------+--------+--------+--------+-----+--------+
         Total |   1165 |   1108 |     57 |    114 |    865 |   2 |  582.5 |
       Dungeon |   1165 |   1108 |     57 |    114 |    865 |   2 |  582.5 |
               +--------+--------+--------+--------+--------+-----+--------+

Top non-repeatable levels by time:
     D:1: 1163 daAuts
     D:2: 2 daAuts
